 Dungeon Crawl Stone Soup version 0.27-a0-1144-g0b7d3b79db (webtiles) character file.

Game seed: 7461255515902717769

312 Kuinu the Sneak (level 6, -3/57 HPs)
             Began as a Kobold Brigand on May 10, 2021.
             Slain by a killer bee (4 damage)
             ... on level 3 of the Dungeon.
             The game lasted 00:04:21 (2537 turns).

Kuinu the Sneak (Kobold Brigand)                    Turns: 2537, Time: 00:04:23

Health: -3/57      AC: 23    Str:  9    XL:     6   Next: 71%
Magic:  6/6        EV:  3    Int: 12    God:
Gold:   57         SH:  0    Dex: 18    Spells: 5/5 levels left

rFire    . . .     SeeInvis .   i - +0 dagger (venom)
rCold    . . .     Faith    .   (shield restricted)
rNeg     + + +     Spirit   .   (armour currently unavailable)
rPois    +         Reflect  .   (helmet currently unavailable)
rElec    .         Harm     .   (cloak currently unavailable)
rCorr    .         Rampage  .   (gloves currently unavailable)
Will     .....     NoTele   +   (boots currently unavailable)
Stlth    ++++......             (no amulet)
HPRegen  0.19/turn              (no ring)
MPRegen  0.10/turn              (no ring)

@: lethally poisoned (-3 -> -4), tree-form (expiring)
A: stationary, stasis, torment immunity, boosted hp, small, no large weapons,
nightstalker 3
a: no special abilities


You were on level 3 of the Dungeon.
You were a tree.
You visited 1 branch of the dungeon, and saw 3 of its levels.

You collected 57 gold pieces.

Inventory:

Hand Weapons
 a - a +2 dagger
 i - a +0 dagger of venom (weapon)
Missiles
 d - 8 poisoned darts
 e - 2 curare-tipped darts (quivered)
Armour
 b - a +0 robe (melded)
 c - a +0 cloak (melded)
 k - a +2 pair of gloves of dexterity (melded)
Wands
 m - a wand of polymorph (4)
Scrolls
 l - a scroll of magic mapping
 o - a scroll of identify
Potions
 f - a potion of lignification
 g - a potion of brilliance {unknown}
 h - a potion of heal wounds
 j - 2 potions of ambrosia


   Skills:
 * Level 4.0 Fighting
 * Level 5.1 Short Blades
 - Level 2.1 Throwing
 + Level 1.4 Armour
 * Level 3.6 Dodging
 + Level 6.2 Stealth


You had 5 spell levels left.
You didn't know any spells.
Your spell library contained the following spells:

 Spells                   Type           Power      Damage    Failure   Level
 Beastly Appendage        Tmut           0%         N/A       32%         1
 Wereblood                Tmut           0%         N/A       45%         2
 Spider Form              Tmut/Pois      0%         N/A       69%         3
 Ice Form                 Ice/Tmut       0%         N/A       97%         4
 Hydra Form               Tmut           0%         N/A       100%        5


Dungeon Overview and Level Annotations

Branches:
Dungeon (3/15)

Altars:


Innate Abilities, Weirdness & Mutations

You are a tree.
Your roots penetrate the ground, keeping you stationary.
You cannot be teleported.
You are immune to unholy pain and torment.
Your maximum health is greatly increased.
Your equipment is partially melded.
You are small and have problems with some larger weapons.
You are completely attuned to the shadows.


Message History

You barely miss the killer bee. The killer bee stings you.
You are poisoned.
The killer bee poisons you!
The killer bee stings you but does no damage.
You miss the killer bee.
You feel sick.
The killer bee stings you but does no damage.
You closely miss the killer bee.
You feel sick.
The killer bee stings you but does no damage.
The killer bee stings you.
* * * LOW HITPOINT WARNING * * *
You miss the killer bee.
You feel sick.
The killer bee stings you but does no damage.
You hit the killer bee but do no damage.
The killer bee is poisoned.
You feel sick.
The killer bee stings you but does no damage.
The killer bee stings you.
* * * LOW HITPOINT WARNING * * *
You miss the killer bee.
The killer bee is lightly wounded.
* * * LOW HITPOINT WARNING * * *
You feel sick.
The killer bee stings you but does no damage.
You hit the killer bee but do no damage.
The killer bee looks as sick as possible!
The killer bee is moderately wounded.
The killer bee stings you but does no damage. x2
You barely miss the killer bee.
The killer bee is severely wounded.
Your transformation is almost over.
* * * LOW HITPOINT WARNING * * *
You feel sick.
The killer bee stings you but does no damage.
You hit the killer bee but do no damage.
The killer bee looks as sick as possible!
The killer bee is severely wounded.
* * * LOW HITPOINT WARNING * * *
You feel sick.
You kill the killer bee!
The killer bee stings you.
You die...

####+# ######
#.....
.....#######§..y.
........§§♣yg....
..##.#######....y
.....##.####
#.....
......##.....
......
..#...#......
....
......#.#####
##......#..###
......###....+
....#.# #<...#


You could see a killer bee and a hobgoblin.

Vanquished Creatures
  5 killer bees (D:3)
  Terence (D:2)
  Robin (D:3)
  3 adders
  A shadow imp (D:3)
  A worm (D:2)
  An orc (D:3)
  A bat (D:3)
  8 endoplasms
  A giant cockroach (D:2)
  11 goblins
  5 hobgoblins
  9 jackals (D:1)
  2 quokkas (D:2)
  5 ball pythons
  2 frilled lizards
  4 kobolds
  2 rats (D:2)
63 creatures vanquished.

Notes
Turn   | Place    | Note
-------+----------+-------------------------------------------
     0 | D:1      | Kuinu the Kobold Brigand began the quest for the Orb.
     0 | D:1      | Reached XP level 1. HP: 12/12 MP: 1/1
   128 | D:1      | Reached XP level 2. HP: 12/18 MP: 2/2
   644 | D:1      | Found a faded altar of an unknown god.
   939 | D:1      | Reached XP level 3. HP: 22/22 MP: 3/3
  1256 | D:2      | Noticed Terence
  1260 | D:2      | Killed Terence
  1261 | D:2      | Reached XP level 4. HP: 27/27 MP: 4/4
  2007 | D:3      | Reached XP level 5. HP: 30/32 MP: 5/5
  2051 | D:3      | Noticed Robin
  2081 | D:3      | Killed Robin
  2082 | D:3      | Reached skill level 1 in Armour
  2513 | D:3      | Reached skill level 6 in Stealth
  2513 | D:3      | Reached XP level 6. HP: 17/38 MP: 6/6
  2518 | D:3      | Reached skill level 5 in Short Blades
  2536 | D:3      | HP: 2/57 [poisoned by a killer bee]
  2537 | D:3      | Slain by a killer bee

Illustrated notes

Levels and vault maps discovered:
D:1:      amcnicky_arrival_single_pillar, layout_basic,
          shapermc_ecumenical_altar_totnotflames
D:2:      layout_rooms, serial_aquarium, aquarium_bridge_long_joined
          [aquarium_subvault_bridge, aquarium_subvault_window,
          aquarium_subvault_wall, aquarium_subvault_bridge,
          aquarium_subvault_bridge, aquarium_subvault_bridge],
          aquarium_bridge_straight [aquarium_subvault_bridge,
          aquarium_subvault_wall, aquarium_subvault_bridge,
          aquarium_subvault_wall], aquarium_window_1,
          aquarium_window_corridor_1, aquarium_window_1, aquarium_window_fake,
          aquarium_view_2b, aquarium_view_2b, aquarium_balcony_3b,
          nrook_campfire, uniq_terence
D:3:      layout_basic, amethyst_overflow_temple_binary, serial_shops, shop,
          wander_ebering_terrifying_dragon_lair, uniq_robin

Skill      XL: |  1  2  3  4  5  6 |
---------------+-------------------+-----
Short Blades   | 3 4 5 |  5.1
Dodging        | 2 3 |  3.6
Fighting       | 3 4 |  4.0
Armour         | 1 |  1.4
Stealth        | 6 |  6.2
Throwing       | |  2.1

Action                   |  1- 3 |  4- 6 || total
-------------------------+-------+-------++-------
Melee: Dagger            |    65 |   113 ||   178
Throw: Dart              |       |     2 ||     2
  Use: Scroll            |     5 |     2 ||     7
       Potion            |       |     2 ||     2
 Stab: Sleeping          |    10 |    15 ||    25
Armor: Robe              |    13 |    16 ||    29
       Skin              |       |    22 ||    22
Dodge: Dodged            |    44 |    66 ||   110

Table legend: (Time is in decaauts)
 A = Elapsed time spent in this place.
 B = Non-inter-level travel time spent in this place.
 C = Inter-level travel time spent in this place.
 D = Time resting spent in this place.
 E = Time spent auto-exploring this place.
 F = Levels seen in this place.
 G = Mean time per level.
                   A        B        C        D        E       F      G
               +--------+--------+--------+--------+--------+-----+--------+
         Total |   2502 |   2412 |     90 |      0 |   2053 |   3 |  834.0 |
       Dungeon |   2502 |   2412 |     90 |      0 |   2053 |   3 |  834.0 |
               +--------+--------+--------+--------+--------+-----+--------+

Top non-repeatable levels by time:
     D:1: 1089 daAuts
     D:2: 834 daAuts
     D:3: 578 daAuts
